 Dungeon Crawl Stone Soup version 0.22-a0-580-gd5db89c (webtiles) character file.

175 Hebeh the Skirmisher (level 5, -11/47 HPs)
             Began as a Minotaur Fighter on July 2, 2018.
             Killed by divine providence
             ... invoked by an orc priest
              (14 damage)
             ... on level 3 of the Dungeon.
             The game lasted 00:05:57 (2274 turns).

Hebeh the Skirmisher (Minotaur Fighter)             Turns: 2274, Time: 00:05:57

Health: -11/47     AC:  8    Str: 21    XL:     5   Next: 29%
Magic:  4/4        EV:  7    Int:  5    God:
Gold:   184        SH:  9    Dex: 10    Spells: 4/4 levels left

rFire    . . .     SeeInvis .   a - +0 war axe
rCold    . . .     Gourm    .   c - +0 shield
rNeg     . . .     Faith    .   p - +0 scale mail
rPois    .         Spirit   .   (helmet restricted)
rElec    .         Reflect  .   o - +0 cloak (curse)
rCorr    .         Harm     .   (no gloves)
MR       .....                  (no boots)
Stlth    ..........             (no amulet)
HPRegen  0.15/turn              (no ring)
MPRegen  0.09/turn              (no ring)

@: lethally poisoned (-11 -> -15)
A: retaliatory headbutt, horns 2
a: no special abilities


You were on level 3 of the Dungeon.
You were not hungry.

You visited 1 branch of the dungeon, and saw 3 of its levels.

You collected 184 gold pieces.

Inventory:

Hand Weapons
 a - a +0 war axe (weapon)
 b - a +0 hunting sling
Missiles
 n - 14 sling bullets
Armour
 c - a +0 shield (worn)
 o - a cursed +0 cloak (worn)
 p - a +0 scale mail (worn)
Scrolls
 e - a scroll of amnesia {unknown}
 h - 4 scrolls of identify {unknown}
 i - 3 scrolls of enchant weapon {unknown}
 k - a scroll of fear {unknown}
 q - a scroll of magic mapping {unknown}
 r - a scroll of teleportation {unknown}
Potions
 d - a potion of might
 j - a potion of agility {unknown}
 l - 2 potions of brilliance {unknown}
 m - a potion of heal wounds {unknown}
 s - a potion of flight {unknown}
 t - a potion of lignification {unknown}
Comestibles
 f - 4 rations


   Skills:
 + Level 4.5 Fighting
 * Level 4.4 Axes
 + Level 1.5 Slings
 + Level 4.4 Armour
 + Level 4.4 Shields


You had 4 spell levels left.
You didn't know any spells.
Your spell library was empty.

Dungeon Overview and Level Annotations

Branches:
Dungeon (3/15)

Altars:
Qazlal


Innate Abilities, Weirdness & Mutations

You reflexively headbutt those who attack you in melee.
You have a pair of horns on your head.


Message History

You closely miss the orc priest.
The orc priest is almost dead.
You feel sick.
The orc priest calls down the wrath of Beogh upon you.
Beogh smites you!
* * * LOW HITPOINT WARNING * * *
The orc priest looks braver for a moment.
All of the chunks of flesh in your inventory have rotted away.
You closely miss the orc priest.
The orc priest is almost dead.
You feel sick. The orc priest hits you with a trident.
* * * LOW HITPOINT WARNING * * *
You hit the orc priest but do no damage.
The orc priest is almost dead.
The orc priest barely misses you.
* * * LOW HITPOINT WARNING * * *
You feel sick.
The orc priest invokes the aid of Beogh against you.
Beogh smites you!
You die...

#..#.#.#
##.######.
##.#.### #.# #
#...# ####.#
####..# #....# #
.....>..
#.####.#
#######.#
#.####.# # .#
#.#..)...# #
#.#....))#######
#
#......†@o......
#
#.#...##.#######
#......#.#
###......#
###..#.# #. #.#
###


You could see an orc priest.

Vanquished Creatures
  Natasha (twice) (D:3)
  4 gnolls (D:3)
  2 adders
  3 worms
  A dart slug (D:1)
  2 leopard geckos (D:2)
  3 orcs (D:3)
  12 bats
  2 giant cockroaches (D:2)
  5 goblins
  6 hobgoblins
  2 jackals (D:1)
  3 quokkas
  A ball python (D:2)
  3 frilled lizards
  5 kobolds
  4 rats
  3 bushes (D:1)
  3 plants (D:1)
66 creatures vanquished.

Notes
Turn   | Place    | Note
-------+----------+-------------------------------------------
     0 | D:1      | Hebeh the Minotaur Fighter began the quest for the Orb.
     0 | D:1      | Reached XP level 1. HP: 19/19 MP: 0/0
   439 | D:1      | Reached XP level 2. HP: 26/27 MP: 1/1
   867 | D:2      | Found a stormy altar of Qazlal.
  1014 | D:2      | Reached XP level 3. HP: 33/33 MP: 2/2
  1597 | D:3      | Reached XP level 4. HP: 40/40 MP: 3/3
  1648 | D:3      | Noticed Natasha
  1661 | D:3      | Killed Natasha
  1976 | D:3      | Noticed Natasha
  1987 | D:3      | Killed Natasha
  1987 | D:3      | Reached skill level 1 in Slings
  2045 | D:3      | Reached XP level 5. HP: 39/47 MP: 4/4
  2274 | D:3      | Killed from afar by an orc priest

Vault maps used:
D:1:      minmay_arrival_solitary_statue, serial_forest, infiniplex_forest_join,
          infiniplex_forest_side_room, infiniplex_forest_end_double,
          infiniplex_forest_3_way, infiniplex_forest_split,
          infiniplex_forest_lined_2, infiniplex_forest_diagonal,
          infiniplex_forest_clump_curved, infiniplex_forest_lined_3_way
D:2:      nicolae_overflow_crystal_walls
D:3:      first_ration, minmay_misc_feat_plants, uniq_natasha

Skill      XL: |  1  2  3  4 |
---------------+-------------+-----
Axes           | 3 4 |  4.4
Armour         | 4 |  4.4
Fighting       | 4 |  4.5
Shields        | 4 |  4.4
Slings         | 1 |  1.5

Action                   |  1- 3 |  4- 6 || total
-------------------------+-------+-------++-------
Melee: War axe           |   248 |    47 ||   295
       Headbutt          |    75 |     4 ||    79
 Fire: Hunting sling     |     5 |     6 ||    11
  Eat: Chunk             |     3 |     2 ||     5
Armor: Scale mail        |    56 |    20 ||    76
Dodge: Dodged            |    37 |    19 ||    56
Block: Shield            |    72 |    28 ||   100

Table legend:
 A = Spawn XP
 B = Non-spawn XP
 C = Spawn XP percentage of total XP
 D = Spawn monster count
 E = Non-spawn monster count
 F = Spawn count percentage of total count
 G = Total turns spent on level
                    A         B        C        D         E        F      G
               +---------+---------+-------+---------+---------+-------+---------
         Total |       0 |     251 |   0.0 |       0 |      60 |   0.0 |  2274
               +---------+---------+-------+---------+---------+-------+---------
           D:1 |       0 |      17 |   0.0 |       0 |      10 |   0.0 |   840
           D:2 |       0 |      68 |   0.0 |       0 |      30 |   0.0 |   528
           D:3 |       0 |     166 |   0.0 |       0 |      20 |   0.0 |   906
               +---------+---------+-------+---------+---------+-------+---------
